 Dungeon Crawl Stone Soup version 0.14.2-1-g46dc7f8a84 (webtiles) character file.

1256 Hugehornet the Covert (level 8, -9/43 HPs)
             Began as a Kobold Artificer on May 14, 2020.
             Shot with an arrow by a centaur (14 damage)
             ... on Level 6 of the Dungeon.
             The game lasted 00:15:20 (6508 turns).

Hugehornet the Covert (Kobold Artificer)            Turns: 6508, Time: 00:15:20

HP  -9/43        AC  5     Str 10      XL: 8   Next: 49%
MP  17/17        EV 13     Int 10      God:
Gold 215         SH  0     Dex 18      Spells:  0 memorised,  7 levels left

rFire  . . .     SeeInvis .     a - +1 short sword
rCold  . . .     Clarity  .     e - +0 leather armour
rNeg   . . .     Conserve .     (no shield)
rPois  .         rCorr    .     (no helmet)
rElec  .         rRot     .     l - +0 cloak
SustAb . .       Spirit   .     h - +0 pair of gloves
rMut   .         Warding  .     (no boots)
Saprov + + .     Stasis   .     (no amulet)
MR     .....                    (no ring)
                                (no ring)

@: not resistant to hostile enchantments, very stealthy
A: disease resistance, carnivore 3, saprovore 2
a: no special abilities


You were on level 6 of the Dungeon.
You were full.

You visited 1 branch of the dungeon, and saw 6 of its levels.

You collected 275 gold pieces.
You spent 60 gold pieces at shops.

Inventory:

Hand weapons
 a - a +1,+1 short sword (weapon)
Armour
 e - a +0 leather armour (worn)
 h - a +0 pair of gloves (worn)
 l - a +0 cloak (worn)
Magical devices
 b - a wand of flame (0)
 c - a wand of enslavement (10)
 d - a wand of random effects (10)
 y - a wand of cold (8)
Comestibles
 f - 3 meat rations
 i - 6 bread rations
 j - a pear
 m - a choko
 q - 2 lychees
 r - an apple
Scrolls
 k - 3 scrolls of blinking
 n - a scroll of teleportation
 o - 2 scrolls of noise
 p - 3 scrolls of identify
 t - 3 scrolls of enchant armour
 v - a scroll of enchant weapon II
 z - a scroll of remove curse
Potions
 g - a potion of resistance
 s - a potion of haste {unknown}
 w - a potion of cure mutation
 x - a potion of curing


   Skills:
 - Level 1.1 Fighting
 + Level 5.8 Short Blades
 - Level 2.4 Dodging
 * Level 9.6 Stealth
 + Level 7.2 Evocations


You had 7 spell levels left.
You didn't know any spells.

Dungeon Overview and Level Annotations

Branches:
Dungeon (6/15)
 Temple: D:4-7

Altars:
Ashenzari
Zin


Innate Abilities, Weirdness & Mutations

You recuperate from illness quickly.
You are small and have problems with some larger weapons.
You are carnivorous and can eat meat at any time.
You can eat rotten meat.


Message History

You hit the ogre.
The ogre is almost dead.
The ogre hits you with a giant spiked club!
* * * LOW HITPOINT WARNING * * *
Evoke which item? (* to show all) (? for menu, Esc to quit)
Zapping:
y - a wand of cold {zapped: 1}
Press: ? - help, Shift-Dir - straight line, f/p - ogre
Aim: an ogre, wielding a giant spiked club (almost dead, moving very quickly)
The bolt of cold hits the ogre.
You kill the ogre!
You start resting.
A centaur comes into view.
Evoke which item? (* to show all) (? for menu, Esc to quit)
Zapping:
y - a wand of cold {zapped: 2}
Press: ? - help, Shift-Dir - straight line, f - centaur
Aim: a centaur (hasn't noticed you)
The bolt of cold hits the centaur.
The centaur is almost dead.
The centaur wields a bow.
The centaur shoots an arrow.
The arrow hits you!
You die...

.......
#####.#.#######
#.........<...#
#.###.#.#####.# ##
#.#.......
####.##.#.#.#.....
+.............#####
##............#
+.....@...##.#
#....)%...##.#
#..........##.#
#..........#
#............
.c........###
#.........
.###.##.# #.#


You could see a centaur.

Vanquished Creatures
  An ice beast (D:5)
  2 phantoms (D:4)
  A sky beast (D:4)
  2 ogres
  A water moccasin zombie (D:4)
  2 scorpions (D:5)
  A crimson imp (D:5)
  3 orc priests
  An orc wizard (D:5)
  A worker ant (D:4)
  4 gnolls (D:2)
  7 adders
  A giant mite (D:2)
  3 worms
  8 orcs
  A ball python (D:2)
  A giant cockroach (D:2)
  9 goblins
  10 hobgoblins
  4 jackals (D:3)
  4 quokkas
  2 bats
  A giant gecko skeleton (D:5)
  2 giant newts
  12 kobolds
  17 rats
101 creatures vanquished.

Vanquished Creatures (collateral kills)
  An orc wizard (D:3)
  A goblin (D:4)
2 creatures vanquished.

Grand Total: 103 creatures vanquished

Notes
Turn   | Place    | Note
--------------------------------------------------------------
     0 | D:1      | Hugehornet, the Kobold Artificer, began the quest for the Orb.
     0 | D:1      | Reached XP level 1. HP: 12/12 MP: 1/1
   193 | D:1      | Reached XP level 2. HP: 6/16 MP: 3/3
   505 | D:1      | Reached skill level 4 in Evocations
  1500 | D:2      | Reached XP level 3. HP: 8/20 MP: 5/5
  1821 | D:2      | Reached XP level 4. HP: 25/25 MP: 6/6
  2250 | D:3      | Reached XP level 5. HP: 20/29 MP: 8/8
  2265 | D:3      | HP: 1/29 [something (1)]
  2641 | D:3      | Reached skill level 5 in Stealth
  2798 | D:3      | Reached skill level 5 in Evocations
  3450 | D:4      | Noticed a phantom
  3590 | D:4      | Killed a phantom
  3590 | D:4      | Reached skill level 6 in Stealth
  3590 | D:4      | Reached XP level 6. HP: 25/34 MP: 11/11
  3764 | D:4      | Noticed a sky beast
  3765 | D:4      | Killed a sky beast
  3765 | D:4      | Reached skill level 7 in Stealth
  3765 | D:4      | Reached XP level 7. HP: 38/38 MP: 13/13
  3841 | D:4      | Noticed an ogre
  3855 | D:4      | Killed an ogre
  4183 | D:4      | Reached skill level 8 in Stealth
  4406 | D:4      | Found a shattered altar of Ashenzari.
  5275 | D:5      | Entered Level 5 of the Dungeon
  5575 | D:5      | Reached skill level 5 in Short Blades
  5575 | D:5      | Reached XP level 8. HP: 43/43 MP: 16/16
  5651 | D:5      | Found Zin's Purification Station.
  5672 | D:5      | Found a glowing silver altar of Zin.
  5675 | D:5      | Bought a potion of curing for 60 gold pieces
  6077 | D:5      | Reached skill level 9 in Stealth
  6508 | D:6      | Shot with an arrow by a centaur

Action                   |  1- 3 |  4- 6 |  7- 9 || total
-------------------------+-------+-------+-------++-------
Melee: Short sword       |    90 |   132 |   194 ||   416
Evoke: Wand              |     6 |    12 |    12 ||    30
  Use: Scroll            |     5 |     3 |     2 ||    10
       Potion            |       |     5 |     3 ||     8
 Stab: Sleeping          |     2 |     5 |     8 ||    15
       Distracted        |       |       |     2 ||     2
